 Dungeon Crawl Stone Soup version 0.17-a0-81-g781747f (webtiles) character file.

182 Ngotmuk the Covered (level 5, -5/47 HPs)
             Began as a Minotaur Fighter on Mar 15, 2015.
             Was a Believer of Cheibriados.
             Slain by a slave (8 damage)
             ... led by Pikel
             ... on level 4 of the Dungeon.
             The game lasted 00:08:25 (2096 turns).

Ngotmuk the Covered (Minotaur Fighter)              Turns: 2096, Time: 00:08:25

Health: -5/47      AC:  8    Str: 26    XL:     5   Next: 34%
Magic:  2/2        EV:  8    Int:  9    God:    Cheibriados [**....]
Gold:   127        SH: 10    Dex: 13    Spells: 0 memorised, 4 levels left

rFire  x . .     SeeInvis .     a - +0 flail
rCold  + . .     Clarity  .     b - +0 scale mail
rNeg   . . .     SustAb   .     c - +0 shield
rPois  .         Gourm    +     (helmet restricted)
rElec  .         Spirit   .     x - +0 cloak
rCorr  .         Warding  .     (no gloves)
rMut   .         Stasis   .     (no boots)
MR     .....                    t - amulet of the gourmand
Stlth  +.........               w - ring of stealth
                                i - ring of ice

@: very slow, not resistant to hostile enchantments, very unstealthy
A: retaliatory headbutt, horns 2
a: Bend Time, Renounce Religion


You were on level 4 of the Dungeon.
You worshipped Cheibriados.
Cheibriados was pleased with you.
You were not hungry.

You visited 1 branch of the dungeon, and saw 4 of its levels.

You collected 127 gold pieces.

Inventory:

Hand weapons
 a - a +0 flail (weapon)
Armour
 b - a +0 scale mail (worn)
 c - a +0 shield (worn)
 x - a +0 cloak (worn)
Jewellery
 i - a ring of ice (left hand)
 t - an amulet of the gourmand (around neck)
 w - a ring of stealth (right hand)
Scrolls
 f - a scroll of enchant armour {unknown}
 g - 2 scrolls of noise {unknown}
 h - a scroll of enchant weapon {unknown}
 j - 2 scrolls of fear {unknown}
 k - 7 scrolls of identify {unknown}
 p - a scroll of teleportation {unknown}
 r - a scroll of fog {unknown}
 s - a scroll of remove curse {unknown}
Potions
 e - a potion of might
 l - 2 potions of heal wounds {unknown}
 m - a potion of curing {unknown}
 n - a potion of restore abilities {unknown}
 o - a potion of cancellation {unknown}
 u - a potion of magic {unknown}
 v - 2 potions of degeneration {unknown}
Comestibles
 d - 3 bread rations
 q - 2 beef jerkies


   Skills:
 + Level 4.6 Fighting
 + Level 3.5 Maces & Flails
 + Level 5.0 Armour
 + Level 1.5 Dodging
 + Level 4.6 Shields


You had 4 spell levels left.
You didn't know any spells.

Dungeon Overview and Level Annotations

Branches:
Dungeon (4/15)
 Temple: D:4-7

Altars:
Cheibriados

Annotations:
D:4 Pikel


Innate Abilities, Weirdness & Mutations

You reflexively headbutt those who attack you in melee.
You have a pair of horns on your head.


Message History

You block the slave's attack. The slave closely misses you.
You furiously retaliate!
You headbutt the slave. The slave hits you!
* * * LOW HITPOINT WARNING * * *
Pikel closely misses you. You furiously retaliate!
You headbutt Pikel. The slave hits you.
* * * LOW HITPOINT WARNING * * *
The slave closely misses you. You furiously retaliate!
You headbutt the slave, but do no damage.
You closely miss Pikel.
Pikel is severely wounded.
The slave hits you.
* * * LOW HITPOINT WARNING * * *
The slave barely misses you. You block the slave's attack.
You block the slave's attack. Pikel barely misses you. You furiously retaliate!
You headbutt Pikel. The slave hits you.
* * * LOW HITPOINT WARNING * * *
You closely miss Pikel. Your headbutt misses Pikel.
Pikel is severely wounded.
You block the slave's attack. The slave hits you!
You die...

.. ##.## ####...##
........## ##.......##
#....$....# .
#........# ...
#.......# ..
##...p@p.####
#.###....pKp....#
#.............[.#
#...#<..........#
######...##.##.....###
.....[....##........#
#.<.####......#
#.....p.p.p........#
#.###..p.K.........#


You could see Pikel and 4 slaves.

Vanquished Creatures
  A hound (D:3)
  A gnoll (D:2)
  3 adders
  5 worms
  3 giant geckos
  5 orcs (D:3)
  13 bats
  8 hobgoblins
  3 jackals (D:1)
  12 kobolds
  A ball python (D:2)
  A giant cockroach (D:1)
  6 giant newts
  11 goblins
  11 rats
84 creatures vanquished.

Vanquished Creatures (others)
  2 worker ants (D:4)
2 creatures vanquished.

Grand Total: 86 creatures vanquished

Notes
Turn   | Place    | Note
--------------------------------------------------------------
     0 | D:1      | Ngotmuk, the Minotaur Fighter, began the quest for the Orb.
     0 | D:1      | Reached XP level 1. HP: 19/19 MP: 1/1
   201 | D:1      | Reached skill level 4 in Armour
   201 | D:1      | Reached XP level 2. HP: 27/27 MP: 1/1
   689 | D:2      | Found a snail-covered altar of Cheibriados.
   694 | D:2      | Reached XP level 3. HP: 31/33 MP: 2/2
   708 | D:2      | Became a worshipper of Cheibriados the Contemplative
   796 | D:2      | Reached XP level 4. HP: 33/40 MP: 2/2
   866 | D:2      | Acquired Cheibriados' first power
  1528 | D:3      | Reached skill level 1 in Dodging
  1803 | D:3      | Reached skill level 5 in Armour
  1803 | D:3      | Reached XP level 5. HP: 40/47 MP: 2/2
  2049 | D:4      | Noticed a slave
  2049 | D:4      | Noticed a slave
  2049 | D:4      | Noticed a slave
  2050 | D:4      | Noticed Pikel
  2051 | D:4      | Noticed a slave
  2096 | D:4      | Slain by a slave

Action                   |  1- 3 |  4- 6 || total
-------------------------+-------+-------++-------
Melee: Flail             |    86 |   101 ||   187
  Eat: Meat ration       |       |     1 ||     1
